 Dungeon Crawl Stone Soup version 0.17.1-2-g5865329 (webtiles) character file.

1686 CcS the Skirmisher (level 9, 0/71 HPs)
             Began as a Formicid Abyssal Knight on Jan 23, 2016.
             Was an Elder of Lugonu.
             Succumbed to poison (a potion of poison)
             ... on level 10 of the Dungeon.
             The game lasted 00:17:37 (9535 turns).

CcS the Skirmisher (Formicid Abyssal Knight)        Turns: 9535, Time: 00:17:37

Health: 0/71       AC:  7    Str: 16      XL:     9   Next: 22%
Magic:  12/12      EV: 16    Int: 13      God:    Lugonu [****..]
Gold:   274        SH:  8    Dex: 17 (18) Spells: 0 memorised, 8 levels left

rFire  + . .     SeeInvis +     a - +2 mace
rCold  + . .     Clarity  .     m - +0 ring mail
rNeg   . . .     SustAt   .     n - +2 buckler
rPois  +         Gourm    .     (helmet unavailable)
rElec  +         Spirit   .     (no cloak)
rCorr  +         Warding  .     (no gloves)
rMut   .         Stasis   +     d - +0 pair of boots
MR     .....                    f - amulet of stasis {Stasis, !d}
Stlth  ++........               s - ring of flight {+Fly, !d}
                                q - ring of wizardry {Wiz+, !d}

@: agile, lethally poisoned (0 -> -3), resistant, not resistant to hostile
enchantments, unstealthy
A: permanent stasis, dig shafts and tunnels, four strong arms, antennae 3
a: Dig, Shaft Self, Depart the Abyss, Bend Space, Banish, Corrupt, Renounce
Religion, Evoke Flight


You were on level 10 of the Dungeon.
You worshipped Lugonu.
Lugonu was greatly pleased with you.
You were near starving.

You visited 1 branch of the dungeon, and saw 8 of its levels.
You visited the Abyss 1 time.

You collected 274 gold pieces.

Inventory:

Hand Weapons
 a - a +2 mace (weapon)
Missiles
 l - 2 curare-tipped needles
Armour
 b - a +0 leather armour
 d - a +0 pair of boots (worn)
   (You found it on level 4 of the Dungeon)
 i - a fire dragon hide {rF++, rC-}
   (You found it on level 1 of the Dungeon)
 m - a +0 ring mail (worn)
   (You found it on level 2 of the Dungeon)
 n - a +2 buckler (worn)
   (You found it on level 5 of the Dungeon)
 r - a +0 helmet
   (You found it on level 2 of the Dungeon)
Jewellery
 f - an amulet of stasis (around neck) {Stasis, !d}
   (You took it off a hobgoblin on level 3 of the Dungeon)
 q - a ring of wizardry (left hand) {Wiz+, !d}
   (You found it on level 2 of the Dungeon)
 s - a ring of flight (right hand) {+Fly, !d}
   (You found it on level 3 of the Dungeon)
 v - an uncursed ring of sustain attributes {unknown}
   (You found it on level 5 of the Dungeon)
Wands
 y - a wand of slowing (25)
   (You found it on level 6 of the Dungeon)
Scrolls
 h - 3 scrolls of remove curse
 j - 2 scrolls of teleportation
 k - 3 scrolls of blinking {!r}
Potions
 o - 2 potions of flight
Miscellaneous
 e - a box of beasts
   (You acquired it on level 10 of the Dungeon)
Comestibles
 c - a bread ration {@e1}
 p - 2 fruits
 u - a beef jerky
 w - 2 meat rations {@e2}


   Skills:
 - Level 6.8 Fighting
 - Level 6.0 Maces & Flails
 - Level 5.8 Armour
 - Level 0.8 Dodging
 + Level 5.3 Shields
 - Level 5.0 Invocations


You had 8 spell levels left.
You didn't know any spells.

Dungeon Overview and Level Annotations

Branches:
Dungeon (10/15)
 Temple: D:4-7         Lair: D:8-11         Orc: D:9-12

Altars:
Elyvilon
Gozag
The Shining One

Annotations:
D:4 Menkaure
Abyss:1 Blork the orc, Eustachio, Natasha


Innate Abilities, Weirdness & Mutations

You are under a permanent stasis effect.
You can dig through walls and to a lower floor.
Your four strong arms can wield two-handed weapons with a shield.
You have a pair of large antennae on your head (SInv).


Message History

Menkaure calls on the powers of darkness!
The worker ant convulses!
Your body is wracked with pain!
Found 18 stones.
Found an opulent altar of Gozag.
You take 34 damage, and have 37/71 hp.
MASSIVE DAMAGE!!
Are you sure you want to shaft yourself?
You are starving!
The worker ant closely misses you.
You begin to dig a shaft.
You continue digging a shaft.
The worker ant barely misses you.
Menkaure calls on the powers of darkness!
The worker ant convulses!
Your body is wracked with pain!
* * * LOW HITPOINT WARNING * * *
A shaft appears beneath you!
You fall through a shaft for 3 floors!
The shaft crumbles and collapses.
A water moccasin and a quasit come into view.
The water moccasin hisses angrily.
The quasit gives a chilling moan.
You take 17 damage, and have 20/71 hp.
MASSIVE DAMAGE!!
Read which item? (? for menu, Esc to quit)
Okay, then.
Drink which item? (? for menu, Esc to quit)
It was a potion of poison.
That liquid tasted very nasty...
You are poisoned.
You feel sick.
You take 2 damage, and have 18/71 hp.
Drink which item? (? for menu, Esc to quit)
It was a potion of agility.
You feel agile all of a sudden.
You feel sick. The quasit misses you. You block the quasit's attack.
You block the quasit's attack.
You're too hungry.
Eat which item? (? for menu, Esc to quit)
You are feeling very hungry.
You feel sick. The quasit barely misses you.
The quasit claws you but does no damage.
You block the quasit's attack. The water moccasin bites you!
* * * LOW HITPOINT WARNING * * *
The quasit closely misses you. You block the quasit's attack.
The quasit claws you.
* * * LOW HITPOINT WARNING * * *
You feel clumsy.
Mmmm...
Yummy breadfruit.
You take 10 damage, and have 8/71 hp.
Are you sure you want to shaft yourself?
You are near starving!
* * * LOW HITPOINT WARNING * * *
You feel sick.
The water moccasin bites you but does no damage.
The quasit barely misses you. You block the quasit's attack.
The quasit claws you but does no damage.
You begin to dig a shaft.
You continue digging a shaft.
* * * LOW HITPOINT WARNING * * *
You feel sick. The water moccasin closely misses you.
The quasit barely misses you. You block the quasit's attack.
The quasit barely misses you. You block the water moccasin's attack.
A shaft appears beneath you!
You fall through a shaft for 3 floors!
The shaft crumbles and collapses.
A sky beast comes into view.
You take 3 damage, and have 5/71 hp.
* * * LOW HITPOINT WARNING * * *
You feel sick.
* * * LOW HITPOINT WARNING * * *
You feel sick.
You take 1 damage, and have 4/71 hp.
Drink which item? (? for menu, Esc to quit)
You feel protected.
* * * LOW HITPOINT WARNING * * *
You feel sick.
You take 1 damage, and have 3/71 hp.
Drink which item? (? for menu, Esc to quit)
Okay, then.
Eat which item? (? for menu, Esc to quit)
Okay, then.
Read which item? (? for menu, Esc to quit)
As you read the scroll labeled ZIMUSU FO UKYTH, it crumbles to dust.
You assume a fearsome visage.
Nothing appears to happen.
It was a scroll of fear.
* * * LOW HITPOINT WARNING * * *
You feel sick.
You take 1 damage, and have 2/71 hp.
Read which item? (? for menu, Esc to quit)
As you read the scroll labeled ISTYAV OHAJO, it crumbles to dust.
This is a scroll of acquirement! [a] Weapon [b] Armour [c] Jewellery [d] Book [e] Staff [f] Wand [g] Miscellaneous [h] Food [i] Gold [j] Ammunition What kind of item would you like to acquire? (\ to view known items)
Something appears at your feet!
e - a box of beasts
* * * LOW HITPOINT WARNING * * *
You feel sick.
* * * LOW HITPOINT WARNING * * *
You feel sick.
You take 1 damage, and have 1/71 hp.
Unknown command.
You die...

...... ..#
......##.#
#.........#
#.........#
#.........#
#.........+
#....##...#
#...Y##..@#
#....##...#
#.........#
#.........#
#.........#
#.......###
#.#####.#
#. #.# #
.?#


There were no monsters in sight!

Vanquished Creatures
  The ghost of Wutend the Slasher, a novice OpFi of Dithmenos (D:4)
  A giant frog (D:4)
  A gnoll sergeant (D:6)
  A water moccasin skeleton (D:4)
  A crimson imp (D:5)
  4 orc priests
  2 centaur skeletons (D:4)
  4 hounds
  Terence (D:3)
  2 orc wizards (D:4)
  A worker ant (D:4)
  2 hound zombies
  2 hound skeletons (D:4)
  17 gnolls
  11 adders
  4 oozes
  2 adder zombies
  2 worms
  15 orcs
  5 giant cockroaches
  9 goblins
  11 hobgoblins
  16 jackals
  6 kobolds
  A ball python (D:6)
  8 bats
  5 giant geckos
  A giant gecko skeleton (D:4)
  A giant gecko zombie (D:4)
  A giant newt (D:3)
  5 quokkas
  6 rats
149 creatures vanquished.

Vanquished Creatures (others)
  2 ogres
  A centaur (D:5)
  A gnoll (D:2)
4 creatures vanquished.

Grand Total: 153 creatures vanquished

Notes
Turn   | Place    | Note
--------------------------------------------------------------
     0 | Abyss:1  | CcS the Formicid Abyssal Knight began the quest for the Orb.
     0 | Abyss:1  | Reached XP level 1. HP: 18/18 MP: 2/2
    36 | D:1      | Escaped the Abyss
   452 | D:1      | Reached XP level 2. HP: 24/24 MP: 3/3
   780 | D:1      | Reached skill level 3 in Maces & Flails
  1320 | D:1      | Reached XP level 3. HP: 27/29 MP: 4/4
  1466 | D:2      | Reached ** piety under Lugonu
  1894 | D:2      | Reached skill level 4 in Maces & Flails
  1894 | D:2      | Reached XP level 4. HP: 33/35 MP: 5/5
  1977 | D:2      | Found a glowing golden altar of the Shining One.
  2625 | D:2      | Reached XP level 5. HP: 41/41 MP: 6/6
  2869 | D:2      | Reached skill level 5 in Maces & Flails
  3299 | D:3      | Reached *** piety under Lugonu
  3417 | D:3      | Noticed Terence
  3446 | D:3      | Killed Terence
  3786 | D:2      | HP: 9/41 [gnoll/spear (5)]
  3788 | D:2      | Gained mutation: You can spit weak poison. [potion of beneficial mutation]
  3789 | D:2      | Lost mutation: You can spit weak poison. [potion of cure mutation]
  3792 | D:2      | Reached XP level 6. HP: 11/47 MP: 7/7
  4161 | D:2      | Reached skill level 6 in Maces & Flails
  4744 | D:3      | Reached skill level 3 in Invocations
  5375 | D:3      | Reached skill level 4 in Invocations
  5594 | D:4      | Reached skill level 5 in Invocations
  5594 | D:4      | Reached XP level 7. HP: 33/52 MP: 10/10
  5873 | D:4      | Reached skill level 3 in Armour
  6031 | D:4      | Noticed Blork the orc
  6032 | D:4      | Banished Blork the orc
  6039 | D:4      | Noticed Natasha
  6054 | D:4      | Banished Natasha
  6240 | D:4      | Reached skill level 4 in Armour
  6434 | D:4      | Noticed Wutend's ghost (novice OpFi)
  6448 | D:4      | Reached **** piety under Lugonu
  6647 | D:4      | Reached skill level 5 in Armour
  6786 | D:4      | Reached XP level 8. HP: 36/58 MP: 11/11
  7410 | D:4      | Killed Wutend's ghost
  7410 | D:4      | Reached skill level 5 in Fighting
  7948 | D:5      | Entered Level 5 of the Dungeon
  7994 | D:5      | Reached skill level 6 in Fighting
  8069 | D:5      | Found a white marble altar of Elyvilon.
  8188 | D:5      | HP: 13/64 [centaur (8)]
  8616 | D:5      | Reached skill level 1 in Shields
  8634 | D:5      | You fall through a shaft!
  8858 | D:6      | Reached skill level 2 in Shields
  8858 | D:6      | Reached XP level 9. HP: 71/71 MP: 12/12
  8974 | D:6      | Reached skill level 3 in Shields
  9141 | D:6      | Noticed Eustachio
  9162 | D:6      | Reached skill level 4 in Shields
  9205 | D:5      | HP: 6/71 [white imp/puff of frost[Eustachio] (14)]
  9207 | D:5      | Banished Eustachio
  9207 | D:5      | Reached skill level 5 in Shields
  9517 | D:4      | Found an opulent altar of Gozag.
  9517 | D:4      | Noticed Menkaure
  9520 | D:4      | You fall through a shaft for 3 floors!
  9523 | D:7      | HP: 17/71 [poison (a potion of poison)]
  9523 | D:7      | HP: 8/71 [quasit (2)]
  9526 | D:7      | You fall through a shaft for 3 floors!
  9526 | D:10     | Entered Level 10 of the Dungeon
  9528 | D:10     | HP: 4/71 [poison (a potion of poison)]
  9531 | D:10     | Identified a scroll of acquirement
  9533 | D:10     | HP: 1/71 [poison (a potion of poison)]
  9535 | D:10     | Succumbed to poison (a potion of poison)

Action                   |  1- 3 |  4- 6 |  7- 9 || total
-------------------------+-------+-------+-------++-------
Melee: Mace              |    77 |   262 |   315 ||   654
Invok: Banish            |       |     1 |     8 ||     9
 Abil: Dig               |       |     5 |     8 ||    13
       Shaft Self        |       |       |     3 ||     3
  Use: Potion            |       |     6 |     5 ||    11
       Scroll            |       |     6 |     2 ||     8
  Eat: Chunk             |     3 |    13 |    11 ||    27
       Bread ration      |       |       |     1 ||     1
       Fruit             |       |       |     1 ||     1

Vault maps used:
D:1:      scummos_arrival_simple_fountains, hangedman_decor_push
D:2:      tso_oasis_becter, serial_co_window_serial, co_window_paths_a,
          co_window_paths_b, co_window_paths_a, co_window_corner_a,
          co_window_paths_b, co_window_paths_c, co_window_of_opportunity_c,
          co_window_cross_2, co_window_corner_b, co_window_4corner_b,
          co_window_sun, glass_columns_c, glass_columns_a, glass_columns_b,
          glass_columns_a, glass_columns_a, serial_bayou_pond_c
D:3:      serial_bayou_pond_d, uniq_terence
D:4:      lemuel_upstairs_altar, serial_undead, serial_undead_c,
          serial_undead_c, serial_undead_b, serial_undead_a, first_bread,
          minmay_unequal, uniq_menkaure, uniq_natasha, uniq_blork_the_orc
D:5:      nicolae_overflow_crystal_walls, basic_altar
D:6:      nicolae_ashenzari_panopticon, uniq_eustachio
D:7:      minitemple, temple_hall
D:10:     grunt_ogre_cave

Table legend:
 A = Turns spent in this place as a percentage of turns spent in the entire game.
 B = Non-inter-level travel turns spent in this place as a percentage of non-inter-level travel turns spent in the entire game.
 C = Inter-level travel turns spent in this place as a percentage of turns spent in this place.
 D = Turns resting spent in this place as a percentage of non-inter-level travel turns spent in this place.
 E = Turns spent auto-exploring this place as a percentage of non-inter-level travel turns spent in this place.
 F = Non-inter-level travel turns spent in this place divided by the number of levels of this place that you've seen.
                   A       B       C       D       E      F
               +-------+-------+-------+-------+-------+----------------------
         Total | 100.0 | 100.0 |   0.4 |   5.8 |   6.5 | 292.8
       Dungeon |  98.5 |  98.5 |   0.4 |   5.9 |   6.6 | 324.5
         Abyss |   1.5 |   1.5 |   0.0 |   0.0 |   0.0 |  39.0
               +-------+-------+-------+-------+-------+----------------------

Table legend:
 A = Kills in this place as a percentage of kills in entire the game.
 B = Kills by you in this place as a percentage of kills by you in the entire game.
 C = Kills by friends in this place as a percentage of kills by friends in the entire game.
 D = Other kills in this place as a percentage of other kills in the entire game.
 E = Experience gained in this place as a percentage of experience gained in the entire game.
 F = Experience gained in this place divided by the number of levels of this place that you have seen.
                   A       B       C       D       E      F
               +-------+-------+-------+-------+-------+----------------------
         Total | 100.0 | 100.0 |  -nan | 100.0 | 100.0 | 267.7
       Dungeon | 100.0 | 100.0 |  -nan | 100.0 | 100.0 | 301.1
               +-------+-------+-------+-------+-------+----------------------
